[Event "Early-Titled-Tuesday-Blitz-January-23-2024"]
[Site "Chess.com"]
[Date "2024.01.23"]
[Round "10"]
[White "KevinGeorgeMicheal"]
[Black "ErikRonka"]
[Result "0-1"]
[WhiteElo "2340"]
[BlackElo "2492"]
[TimeControl "180+1"]
[EndTime "9:58:03 PST"]
[Termination "ErikRonka won on time"]

1. c4 c6 2. Nc3 d5 3. cxd5 cxd5 4. d4 Nf6 5. Nf3 Nc6 6. Bf4 a6 7. e3 Bg4 8. Be2 e6 9. Ne5 Bxe2 10. Qxe2 Rc8 11.
O-O Be7 12. Rfc1 O-O 13. Nxc6 Rxc6 14. Qd3 Qa5 15. Ne2 Rfc8 16. Qd1 Rxc1 17. Rxc1 Rc4 18. a3 h6 19. f3 Qb5 20. Qd2 Qc6 21. Rc3 Bd8 22.
Qc2 Be7 23. Kf2 b5 24. Be5 Nd7 25. Bg3 a5 26. b3 Rxc3 27. Qxc3 Qb7 28. Qxa5 Kh7 29.
a4 bxa4 30. bxa4 Nb6 31. Qb5 Qa7 32. a5 Nc4 33. a6 Bd8 34. Qb7 Bb6 35. Bb8 Qxb7 36.
axb7 Na5 37. Bg3 Nxb7 38. Nf4 Nd8 39. Nd3 Nc6 40. Ne5 Nd8 41. Nd7 Ba5 42. Ne5 f6 43.
Nd3 Kg8 44. Nc5 Kf7 45. Ke2 Bb6 46. Nd7 Ba5 47. Nc5 Nc6 48. Nd3 g5 49. Bd6 h5 50. g4 h4 51. h3 Bd8 52. Bh2 Ke7 53. Bg1 Kd6 54. Bh2+ e5 55. dxe5+ fxe5 56. Nf2 Ke6 57. f4 gxf4 58. exf4 e4 59. f5+ Kf6 60. Bf4 Bb6 61. Kf1 Nd4 62. Nd1 Nf3 63. Ne3 Bxe3 0-1

[Event "Early-Titled-Tuesday-Blitz-January-23-2024"]
[Site "Chess.com"]
[Date "2024.01.23"]
[Round "10"]
[White "bubeliang"]
[Black "Zavgorodniy_Sergiy"]
[Result "0-1"]
[WhiteElo "2777"]
[BlackElo "2642"]
[TimeControl "180+1"]
[EndTime "9:58:04 PST"]
[Termination "Zavgorodniy_Sergiy won by checkmate"]

1. e4 e5 2. Nc3 Nf6 3. Bc4 Bb4 4. Nge2 O-O 5. O-O c6 6. d4 d5 7. exd5 cxd5 8. dxe5 dxc4 9. Qxd8 Rxd8 10. exf6 Bf5 11.
fxg7 Kxg7 12. Be3 Bxc2 13. a3 Ba5 14. Bd4+ Kg8 15. Bf6 Rd6 16. Be5 Re6 17. Bg3 Nc6 18.
Nf4 Ree8 19. Ncd5 Kg7 20. Nh5+ Kg6 21. Ndf4+ Kh6 22. Nf6 Red8 23. Ng4+ Kg7 24. Bh4 Rd6 25. Bf6+ Rxf6 26. Nh5+ Kg6 27. Nhxf6 h5 28. Ne3 Bd3 29. Nfd5 Bxf1 30. Kxf1 b5 31. h4 Ne5 32. a4 Rb8 33. Nf4+ Kh7 34. Nxh5 Bd2 35. Nd1 b4 36. Nf6+ Kg6 37.
Ne4 Bh6 38. Ne3 Rc8 39. Rc1 Bxe3 40. fxe3 Nd3 41. Rc2 b3 42. Rd2 Re8 43. Nd6 Rxe3 44. Kg1 Re1+ 45. Kh2 Ne5 46. Nb5 Rc1 47. Rd5 f6 48.
Nxa7 Rc2 49. a5 Rxb2 50. Nc8 Ra2 51. Ne7+ Kf7 52. Nf5 Ke6 53. Ne3 b2 54. Rb5 c3 55.
Nc2 Rxa5 56. Rb3 Kd5 57. Ne3+ Kd4 58. Nc2+ Kd3 59. Ne1+ Kd2 60. Nf3+ Nxf3+ 61. gxf3 Kc2 62. Rb8 b1=Q 63. Rg8 Qd1 64. h5 Rxh5+ 65. Kg3 Rg5+ 66. Kf4 Rxg8 67. Kf5 Qd5+ 68. Kxf6 Rf8+ 69. Ke7 Qf5 70. Kd6 Rf7 71. Kc6 Rd7 72. Kb6 Qd5 73. Ka6 Rb7 74. f4 Qb5# 0-1

[Event "Early-Titled-Tuesday-Blitz-January-23-2024"]
[Site "Chess.com"]
[Date "2024.01.23"]
[Round "10"]
[White "quvnoq_muxlis"]
[Black "Msb2"]
[Result "0-1"]
[WhiteElo "2677"]
[BlackElo "3035"]
[TimeControl "180+1"]
[EndTime "9:58:06 PST"]
[Termination "Msb2 won by resignation"]

1. e4 e6 2. b3 d5 3. Bb2 a6 4. exd5 exd5 5. Nf3 Nc6 6. Be2 Nf6 7. O-O Be7 8. Re1 O-O 9. d4 Bg4 10. Nbd2 Bd6 11. Ne5 Bxe2 12. Qxe2 Re8 13. a3 Nd7 14.
Qh5 Ndxe5 15. dxe5 g6 16. Qh6 Nxe5 17. f4 Bc5+ 18.
Kh1 Bf8 19. Qh3 Nc6 20. Nf3 Bg7 21. Rxe8+ Qxe8 22. Bxg7 Kxg7 23. f5 Qe7 24. Re1 Qf6 25.
fxg6 hxg6 26. Qd7 Qd6 27. Qxd6 cxd6 28. Rd1 Ne7 29. Kg1 Rc8 30. Nd4 Nc6 31. Ne2 Ne7 32.
Nd4 Rc3 33. Rd2 Re3 34. Kf2 Re4 35. Nf3 f6 36. Rd4 g5 37. h3 Kf7 38. Rd2 Ke6 39. Nd4+ Kd7 40. Nf3 b5 41. Rd4 Ke6 42. Rd2 Nc6 43.
c3 a5 44. Rd1 b4 45. cxb4 axb4 46. a4 Na5 47. Rd3 Kd7 48. Nd2 Re5 49. Nf3 Re8 50.
Rxd5 Nxb3 51. Rb5 Nc5 52. Kg3 Nxa4 53. Rxb4 Nc5 54. h4 gxh4+ 55. Rxh4 Rg8+ 56. Kf2 Nd3+ 57. Ke3 Ne5 58. Kf2 Ke6 59. Nd4+ Kd5 60. Nf5 Ra8 61. Ne3+ Ke6 62. Rd4 Ra2+ 63. Kg3 Ra3 64. Kf2 f5 65. g3 Ra2+ 66. Kf1 Nf3 67. Rf4 Nd2+ 68. Ke1 Ne4 69.
Nxf5 Ke5 70. Nxd6 Nxd6 71. Rf2 Ra1+ 72. Ke2 Ne4 73. Rf8 Ra2+ 74. Ke3 Ra3+ 75. Ke2 Kd5 76. Rd8+ Nd6 77. Rf8 Kd4 78. Rf4+ Ke5 79. Rf3 Ra2+ 80. Ke3 Nf5+ 81. Kd3 Ra3+ 82. Ke2 Nd4+ 0-1

[Event "Early-Titled-Tuesday-Blitz-January-23-2024"]
[Site "Chess.com"]
[Date "2024.01.23"]
[Round "10"]
[White "JimDiGrease"]
[Black "Titus369"]
[Result "1-0"]
[WhiteElo "2944"]
[BlackElo "2662"]
[TimeControl "180+1"]
[EndTime "9:58:06 PST"]
[Termination "JimDiGrease won by checkmate"]

1. d4 d5 2. c4 e6 3. Nf3 Nf6 4. Qc2 Be7 5. cxd5 exd5 6. Bf4 c6 7.
e3 Nbd7 8. Nc3 Nf8 9. Bd3 Ne6 10. Bg3 O-O 11. O-O g6 12. Rab1 a5 13. a3 b6 14. b4 axb4 15. axb4 c5 16. bxc5 bxc5 17. dxc5 Nxc5 18. Nd4 Bd7 19. Rfd1 Rc8 20. Qe2 Qa5 21.
Ncb5 Nxd3 22. Qxd3 Ne4 23. Ra1 Qb4 24. Rdb1 Qc4 25.
Qd1 Bf6 26. Rc1 Qb4 27. Rab1 Qe7 28. Bf4 Bxb5 29. Nxb5 Qd7 30. Qd3 Nc5 31. Qe2 Ne6 32. Bg3 h5 33. h3 Kg7 34. Rd1 Rfd8 35. Nd6 Rc5 36. Nb7 Rdc8 37. Nxc5 Nxc5 38. Rbc1 Ne4 39. Rxc8 Qxc8 40. Rxd5 Qb7 41. Qd3 Nc3 42. Rd7 Qb3 43. Bf4 Qb2 44. Qc4 Ne2+ 45. Kh2 Nxf4 46. Qxf7+ Kh6 47. exf4 Bg7 48. Rd6 Qc2 49. f5 Be5+ 50. g3 Qxf2+ 51. Kh1 Qf3+ 52. Kg1 Qxg3+ 53. Kf1 Qf4+ 54.
Ke2 Qe4+ 55. Kd1 Qh1+ 56. Kc2 Qg2+ 57. Rd2 Qg5 58. Qxg6+ Qxg6 59. fxg6 Kxg6 60. Kd3 Kf5 61. Rf2+ Kg5 62. Rf3 Bf4 63. Ke4 Bc7 64. Rd3 Kh4 65.
Kf5 Bg3 66. Kg6 Kxh3 67. Kxh5 Kg2 68. Kg4 Bf2 69. Rd2 Kg1 70. Kf3 Ba7 71. Rg2+ Kh1 72. Kg3 Bg1 73. Kh3 Bd4 74. Rd2 Bg1 75. Kg3 Bc5 76.
Rd5 Bg1 77. Rh5+ Bh2+ 78. Rxh2+ Kg1 79. Re2 Kf1 80. Re3 Kg1 81. Re1# 1-0

[Event "Early-Titled-Tuesday-Blitz-January-23-2024"]
[Site "Chess.com"]
[Date "2024.01.23"]
[Round "10"]
[White "AlexOstrovskiy"]
[Black "santosalberto1987"]
[Result "1/2-1/2"]
[WhiteElo "2785"]
[BlackElo "2570"]
[TimeControl "180+1"]
[EndTime "9:58:08 PST"]
[Termination "Game drawn by repetition"]

1. e4 e6 2. b3 d5 3. Bb2 dxe4 4. Nc3 Nf6 5. Qe2 Bb4 6. O-O-O Qe7 7. Nxe4 Ba3 8.
Nxf6+ gxf6 9. Qf3 Nc6 10. d4 Bd7 11. Nh3 O-O-O 12. Be2 Rhg8 13. Rhe1 f5 14. Nf4 Bxb2+ 15. Kxb2 Qf6 16. c3 Ne7 17. g3 Bc6 18. Qe3 Nd5 19. Nxd5 Bxd5 20. Bf1 h5 21. Qe5 Qxe5 22. dxe5 Bf3 23.
Rxd8+ Rxd8 24. Kc1 h4 25. Be2 Bxe2 26. Rxe2 hxg3 27.
hxg3 Rh8 28. Kc2 Kd7 29. Kd3 Rh1 30. Rd2 Ke7 31. Ke2 b5 32. Rc2 c5 33. c4 b4 34.
Rd2 Ra1 35. f4 a5 36. Kf3 Rc1 37. Kg2 a4 38. bxa4 Rxc4 39. a5 Rc3 40. a6 Ra3 41.
Rc2 Rxa6 42. Rxc5 Rxa2+ 43. Kh3 b3 44. Rc7+ Kf8 45. Rb7 Rb2 46. Kh4 Kg7 47. Kg5 Rb1 48. Rb8 Rb2 49. Rb7 Rb1 50. Rb8 b2 51. Rb7 Rg1 52.
Rxb2 Rxg3+ 53. Kh5 Rf3 54. Rb4 Rg3 55. Rc4 Rg4 56.
Rb4 Kf8 57. Rc4 Ke7 58. Rd4 Ke8 59. Kh6 Rg3 60. Kh5 Kf8 61. Kh6 Rg4 62. Kh5 Kg7 63.
Rc4 Rg3 64. Rd4 Re3 65. Kg5 Re4 66. Rd7 Re1 67. Rc7 Rg1+ 68. Kh5 Rh1+ 69. Kg5 Rg1+ 70. Kh5 Rg4 71. Rc4 Rg3 72. Rd4 Kf8 73. Kh4 Rg4+ 74. Kh5 Ke7 75. Kh6 Rg6+ 76. Kh5 Rg8 77. Kh4 Rd8 78. Rc4 Rd3 79. Kh5 Rg3 80. Rd4 Re3 81. Kg5 Rg3+ 82. Kh5 Kf8 1/2-1/2

[Event "Early-Titled-Tuesday-Blitz-January-23-2024"]
[Site "Chess.com"]
[Date "2024.01.23"]
[Round "10"]
[White "NovozhilovSemen"]
[Black "Irishchessman16"]
[Result "1/2-1/2"]
[WhiteElo "2640"]
[BlackElo "2505"]
[TimeControl "180+1"]
[EndTime "9:58:13 PST"]
[Termination "Game drawn by repetition"]

1. d4 Nf6 2. Nf3 c5 3. d5 b5 4. Bg5 Qb6 5. c3 Bb7 6. Bxf6 gxf6 7. e4 Bh6 8. Nbd2 d6 9. a4 a6 10. axb5 axb5 11. Rxa8 Bxa8 12. Qb3 e6 13. Qxb5+ Qxb5 14. Bxb5+ Ke7 15. c4 Nd7 16. Ke2 Rg8 17. g3 f5 18.
exf5 exd5 19. Ra1 Nb6 20. Ra7+ Kf6 21. Ra6 Rb8 22. b3 Kxf5 23. cxd5 Bxd5 24. Bd3+ Kf6 25. Nc4 Nxc4 26. Bxc4 Bxc4+ 27. bxc4 Rb2+ 28. Kf1 Ke6 29. Ne1 Rb1 30. Ke2 Rc1 31. Ra4 Bg7 32. f4 Bd4 33. g4 f5 34. g5 Rc3 35. Nf3 Re3+ 36.
Kf2 Re4+ 37. Nxd4+ Rxd4 38. Ke3 Re4+ 39. Kf3 Kf7 40.
Ra7+ Kg6 41. h4 Rxc4 42. h5+ Kxh5 43. Rxh7+ Kg6 44. Rh6+ Kg7 45. Rxd6 Rc3+ 46. Ke2 Kf7 47. Rf6+ Ke7 48. Rxf5 c4 49. Re5+ Kd6 50. Re3 Rc2+ 51. Kf3 c3 52. g6 Rc1 53. g7 Rg1 54. Rxc3 Rxg7 55. Re3 Re7 56. Ra3 Ke6 57. Ra5 Kf6 58. Ra6+ Kf5 59. Ra5+ Kf6 60. Kg4 Rg7+ 61. Kh3 Rb7 62. Kh4 Rh7+ 63. Kg4 Rg7+ 64. Kf3 Rb7 65. Rh5 Rb3+ 66. Kg4 Rb7 67. Rh6+ Kg7 68. Rc6 Rb5 69. Rc7+ Kf6 70. Ra7 Rb4 71. Ra6+ Kf7 72. Kg5 Rb5+ 73. f5 Rb1 74. Ra7+ Kf8 75. Kg6 Rf1 76. Kf6 Kg8 77. Rg7+ Kf8 78. Rd7 Kg8 79. Rd8+ Kh7 80. Ke7 Re1+ 81.
Kf7 Ra1 82. f6 Ra7+ 83. Ke6 Kg6 84. Rg8+ Kh7 85. Re8 Kg6 86. Rg8+ Kh7 87. Rg2 Ra6+ 88. Kf5 Ra5+ 89. Ke4 Ra4+ 90. Kd5 Ra5+ 91. Kd4 Ra4+ 92.
Kc5 Rf4 93. Rg7+ Kh8 94. Rf7 Kg8 95. Rg7+ Kh8 96. Rg6 Kh7 97. Rg7+ Kh8 1/2-1/2

[Event "Early-Titled-Tuesday-Blitz-January-23-2024"]
[Site "Chess.com"]
[Date "2024.01.23"]
[Round "10"]
[White "Yaacovn"]
[Black "Grandelicious"]
[Result "1/2-1/2"]
[WhiteElo "2804"]
[BlackElo "2898"]
[TimeControl "180+1"]
[EndTime "9:58:19 PST"]
[Termination "Game drawn by repetition"]

1. d4 Nf6 2. e3 c5 3. c3 g6 4. Nf3 Bg7 5. Be2 O-O 6. O-O b6 7.
b3 Bb7 8. Bb2 d6 9. c4 cxd4 10.
Nxd4 Nbd7 11. Bf3 Bxf3 12. Qxf3 Nc5 13. Rd1 e5 14. Nc6 Qc7 15. Nb4 e4 16. Qe2 a5 17.
Bxf6 axb4 18. Bxg7 Kxg7 19. Qb2+ Kg8 20. Nd2 f5 21.
Nf1 Nd3 22. Qc2 d5 23. Ng3 dxc4 24. bxc4 Rfc8 25. f3 Qc5 26. Qd2 Re8 27. fxe4 fxe4 28. Nxe4 Rxe4 29. Qxd3 Rxe3 30. Qd5+ Qxd5 31. cxd5 Kf8 32.
Rab1 Re4 33. Rd2 Ke7 34. Rc1 Kd7 35. h3 Ra5 36. Rf1 Re5 37. Rf7+ Kd6 38. Rf6+ Kc7 39. d6+ Kd8 40. Rf8+ Kd7 41. Rf7+ Kd8 42. Rb2 Rad5 43. Rxb4 b5 44. a4 Rxd6 45. Rxb5 Rxb5 46. axb5 Rb6 47. Rxh7 Rxb5 48. Rh6 Rb6 49. h4 Ke7 50. h5 Rb1+ 51. Kh2 gxh5 52. Rxh5 Kf6 53. Rh3 Kg6 54. Rg3+ Kh6 55.
Re3 Kg6 56. Rh3 Kg5 57. Ra3 Kg6 58. Kg3 Kg7 59. Ra5 Kg6 60. Ra3 Rb4 61. Rf3 Rb5 62. Kh3 Rb4 63. Rg3+ Kh6 64. Rg4 Rb1 65. Kh4 Rb2 66. Rg3 Rb1 67. Kh3 Ra1 68. Rc3 Kh5 69. Rc5+ Kg6 70. Kh4 Ra4+ 71. g4 Ra1 72. Rc6+ Kg7 73. Kh5 Ra5+ 74. g5 Ra8 75. Rc7+ Kg8 76.
Kh6 Rb8 77. Rg7+ Kh8 78. Rf7 Kg8 79. Rf6 Ra8 80. Rb6 Kh8 81. g6 Kg8 82. Rb7 Rc8 83.
Rd7 Rb8 84. Rg7+ Kh8 85. Rd7 Kg8 86. Rd2 Ra8 87. Rh2 Rb8 88. Rh1 Ra8 89. Rf1 Rb8 90.
Rf2 Ra8 91. Rf7 Rb8 92. Rg7+ Kh8 93. Rh7+ Kg8 94. Rg7+ 1/2-1/2

[Event "Early-Titled-Tuesday-Blitz-January-23-2024"]
[Site "Chess.com"]
[Date "2024.01.23"]
[Round "10"]
[White "K_A_S_T_O_R"]
[Black "Sanan_Sjugirov"]
[Result "1/2-1/2"]
[WhiteElo "2893"]
[BlackElo "3008"]
[TimeControl "180+1"]
[EndTime "9:58:20 PST"]
[Termination "Game drawn by repetition"]

1. e4 c5 2. Nf3 d6 3. d4 cxd4 4. Nxd4 Nf6 5. Nc3 a6 6. Bg5 e6 7. f4 h6 8. Bh4 Qb6 9. Bxf6 gxf6 10. Qd2 Qxb2 11. Nb3 Qa3 12. Be2 h5 13. O-O Nc6 14. Kh1 Bd7 15. Nb1 Qa4 16. Nc3 Qa3 17. Nb1 Qb4 18.
Qe3 f5 19. exf5 d5 20. fxe6 fxe6 21. c3 Qd6 22. N1d2 O-O-O 23. Rad1 Qc7 24. Nf3 Bd6 25. Ng5 Rde8 26. Nf7 Rh7 27. Nxd6+ Qxd6 28. Bd3 Rg7 29. Nd4 Reg8 30. Rf2 h4 31. Nf3 Rg4 32. Ng5 Rf8 33.
Rdf1 d4 34. cxd4 Qxd4 35. Qxd4 Nxd4 36. h3 Rg3 37. Be4 Rc3 38. Kh2 b5 39. Rd2 e5 40.
Rff2 Rc5 41. fxe5 Rxf2 42. Rxf2 Rxe5 43. Nf7 Re7 44. Bd5 Kc7 45. Rd2 Nf5 46. Ng5 Ng3 47. Rd1 Re2 48. Nf3 Nf5 49. Rc1+ Kb6 50. Ba8 Rxa2 51.
Ne5 Rd2 52. Rf1 Ne3 53. Rf6+ Ka5 54. Rf4 Nc4 55. Nxc4+ bxc4 56. Rxc4 Kb5 57. Rxh4 a5 58.
Rh5+ Kb4 59. Rh4+ Kb3 60. Rh6 a4 61. Rb6+ Kc3 62. Ra6 Kb4 63. Rb6+ Kc3 64. Ra6 Kb2 65. Be4 a3 66. Kg3 Rd4 67. Kf4 Ba4 68. Ke5 Rb4 69. Bd5 Bb3 70. Bxb3 Rxb3 71. h4 a2 72. Rxa2+ Kxa2 73.
g4 Rh3 74. h5 Kb3 75. g5 Rxh5 76. Kf6 Rh2 77. g6 Rf2+ 78. Ke7 Re2+ 79. Kf7 Rf2+ 80. Ke7 Re2+ 81. Kf7 Rf2+ 82. Ke7 1/2-1/2

[Event "Early-Titled-Tuesday-Blitz-January-23-2024"]
[Site "Chess.com"]
[Date "2024.01.23"]
[Round "10"]
[White "Jumbo"]
[Black "ContrVersia"]
[Result "0-1"]
[WhiteElo "2953"]
[BlackElo "2861"]
[TimeControl "180+1"]
[EndTime "9:58:24 PST"]
[Termination "ContrVersia won by resignation"]

1. d4 Nf6 2. Nf3 e6 3. Bf4 c5 4. e3 cxd4 5. exd4 Be7 6. c3 O-O 7. Nbd2 b6 8. h3 d6 9. a4 h6 10.
Bc4 Ba6 11. O-O Qc7 12. Bxa6 Nxa6 13. Qe2 Qb7 14. Nc4 Rfd8 15. Rfe1 Nc7 16. Nfd2 Ncd5 17. Bg3 a6 18. Na3 Qc6 19. Qc4 Qb7 20. Qe2 Nc7 21. Qf3 Qxf3 22. Nxf3 b5 23. Nc2 Ncd5 24. Nd2 Rdc8 25.
Rec1 Nb6 26. axb5 axb5 27. Nb4 d5 28. Nd3 Nc4 29. Nb3 Nd7 30. Bf4 f6 31. Re1 Kf7 32.
Rab1 h5 33. h4 Ra6 34. Bg3 g6 35. Re2 Nd6 36. f3 Nf5 37. Bf2 Rb6 38. Rbe1 b4 39.
cxb4 Bxb4 40. Rd1 Bd6 41. Nbc5 Bxc5 42. dxc5 Rb3 43. Nf4 Ng7 44. Nxd5 exd5 45. Rxd5 Rb7 46. Rd6 Nxc5 47. b4 Nce6 48. b5 Rd8 49. Rxd8 Nxd8 50.
b6 Nge6 51. Rd2 Ke7 52. Rc2 Rd7 53. Rc8 Nb7 54. Rg8 Kf7 55. Rc8 Nd6 56. Rc6 Nb7 57.
Rc8 Ned8 58. Rc4 Rd6 59. g4 hxg4 60. fxg4 Nc6 61. Kg2 Re6 62. Ra4 Ke7 63. Ra7 Nxa7 64. bxa7 Ra6 65. h5 gxh5 66. gxh5 Kf7 67. Be3 f5 68. Kf3 Nd8 69. Kf4 Ne6+ 70. Kxf5 Ng7+ 71. Kg4 Ra4+ 72. Kg5 Ra5+ 73. Kg4 Nxh5 74. a8=Q Nf6+ 75. Kf3 Rxa8 76. Bd4 Ra6 77. Kf4 Ra4 78. Ke5 Ra5+ 79. Kf4 Rd5 80. Ke3 Ke6 81. Kd3 Nd7 82. Kc4 Ne5+ 83. Kc3 Nc6 0-1

[Event "Early-Titled-Tuesday-Blitz-January-23-2024"]
[Site "Chess.com"]
[Date "2024.01.23"]
[Round "10"]
[White "Chernov_Mikhail"]
[Black "karenzc"]
[Result "1-0"]
[WhiteElo "2313"]
[BlackElo "2182"]
[TimeControl "180+1"]
[EndTime "9:58:30 PST"]
[Termination "Chernov_Mikhail won by checkmate"]

1. e4 d6 2. d4 g6 3. c4 Bg7 4. Nc3 Nf6 5. Nf3 O-O 6. g3 c6 7. Bg2 Nbd7 8. O-O e5 9. Re1 Qe7 10.
Rb1 Re8 11. b4 a5 12. b5 c5 13. dxe5 dxe5 14. Nd5 Nxd5 15. exd5 Qd6 16. a4 h6 17. h4 f5 18. Bb2 e4 19. Nh2 Bxb2 20. Rxb2 Qf6 21. Rc2 Ne5 22. Qd2 Nd3 23. Rf1 Qd4 24.
Qxh6 Qg7 25. Qxg7+ Kxg7 26. Rd1 Bd7 27. Bf1 f4 28.
Bxd3 exd3 29. Rxd3 fxg3 30. Rxg3 Re1+ 31. Kg2 Rf8 32.
h5 Bf5 33. Rd2 Be4+ 34. f3 Bf5 35. hxg6 Rfe8 36. Kf2 Rc1 37. Ng4 Rxc4 38. d6 Rd8 39. Ne3 Rf4 40. Rg5 Bxg6 41. Rxc5 Be4 42. Rc7+ Kf6 43.
Nd5+ Bxd5 44. Rxd5 Rxa4 45. Rxb7 Rb4 46. d7 a4 47. Rd3 Rb3 48. Ke2 Rxd3 49. Kxd3 a3 50.
Kc2 Ke7 51. Kb3 Ra8 52. Ka2 Rf8 53. Kxa3 Rxf3+ 54. Kb4 Kd8 55. Ka5 Rf5 56. Ka6 Rf6+ 57. b6 Rf1 58. Ka7 Ra1+ 59. Kb8 Rb1 60. Ka8 Rb2 61.
Rb8+ Kxd7 62. Kb7 Rb1 63. Rh8 Rb2 64. Rh4 Rb1 65. Rd4+ Ke8 66. Rd6 Ke7 67. Kc7 Rb2 68.
Rc6 Ra2 69. b7 Ra7 70. Kc8 Rxb7 71. Kxb7 Kd7 72. Rc5 Kd6 73. Kb6 Kd7 74. Rc6 Kd8 75. Rc7 Ke8 76. Kc6 Kd8 77. Kd6 Ke8 78. Rd7 Kf8 79.
Ke6 Ke8 80. Rd6 Kf8 81. Rc6 Kg7 82. Rc5 Kg6 83. Rf5 Kg7 84. Rf6 Kg8 85. Rf7 Kh8 86.
Kf6 Kg8 87. Kg6 Kh8 88. Rf8# 1-0

[Event "Early-Titled-Tuesday-Blitz-January-23-2024"]
[Site "Chess.com"]
[Date "2024.01.23"]
[Round "10"]
[White "Druid24"]
[Black "alexrustemov"]
[Result "1-0"]
[WhiteElo "2718"]
[BlackElo "2870"]
[TimeControl "180+1"]
[EndTime "9:58:32 PST"]
[Termination "Druid24 won on time"]

1. d4 d5 2. c4 c6 3. Nf3 Nf6 4.
Nc3 a6 5. c5 Bf5 6. Bg5 e6 7.
e3 Nbd7 8. Bd3 Bxd3 9. Qxd3 Be7 10. O-O O-O 11. b4 h6 12. Bh4 Nh5 13. Bxe7 Qxe7 14. e4 dxe4 15. Nxe4 Nhf6 16. Nd6 Rab8 17. a4 Ne8 18.
Nc4 Nc7 19. Rab1 Rfd8 20. Rfe1 Nf6 21. Nfe5 Nd7 22. Nd6 Rf8 23. Re3 Ne8 24. Nec4 Nxd6 25. Nxd6 Nf6 26. b5 axb5 27. axb5 Rfd8 28. Rg3 Rxd6 29.
cxd6 Qxd6 30. Qf3 Nd5 31. Qa3 Qxa3 32. Rxa3 cxb5 33. Rxb5 b6 34. g3 Rc8 35. Rb1 Rc7 36. Ra8+ Kh7 37. Kg2 g6 38. Rd8 Kg7 39. h4 h5 40. Rd6 Rc4 41. Rd8 Kf6 42. Kg1 Kf5 43. Rd7 f6 44. Rb3 Ke4 45. Kg2 Kxd4 46. Rd6 Ke5 47. Rd7 f5 48. Rf7 Rb4 49. Rd3 b5 50. Rd2 Re4 51. Rb2 b4 52. Rb7 Rc4 53. Rg7 Kf6 54.
Rb7 Rd4 55. Rb8 f4 56. Rf8+ Ke5 57. Rg8 fxg3 58. Kxg3 Kf6 59. f3 Rd3 60. Rf8+ Ke7 61. Rb8 Kf6 62. Rf8+ Kg7 63. Rb8 Ne7 64. Ra2 Nf5+ 65.
Kf4 Kf6 66. Rf8+ Ke7 67. Raa8 Rd4+ 68. Kg5 Rxh4 69. Rxf5 Rh3 70. Rb5 Rxf3 71. Rxb4 Rg3+ 72. Kh4 Rg1 73. Ra7+ Kf6 74. Rf4+ Ke5 75. Rf2 Rh1+ 76. Kg3 g5 77. Kg2 Rh4 78. Ra5+ Ke4 79. Rxg5 e5 80. Kg3 Rh1 81. Kg2 Rh4 82. Rf1 Rg4+ 83. Rxg4+ hxg4 84. Kg3 Kd3 85. Kxg4 Ke2 86. Rh1 e4 87. Kf4 e3 88.
Rh3 Kd2 89. Rxe3 1-0

[Event "Early-Titled-Tuesday-Blitz-January-23-2024"]
[Site "Chess.com"]
[Date "2024.01.23"]
[Round "10"]
[White "Yushko_Olga"]
[Black "PepeCuenca"]
[Result "0-1"]
[WhiteElo "2192"]
[BlackElo "2679"]
[TimeControl "180+1"]
[EndTime "9:59:14 PST"]
[Termination "PepeCuenca won on time"]

1. d4 Nf6 2. c4 g6 3. Nf3 Bg7 4. Nc3 O-O 5. Bg5 d6 6. e3 h6 7. Bh4 g5 8. Bg3 Nh5 9. Be2 f5 10.
Qc2 e6 11. Nd2 Nxg3 12. hxg3 Nd7 13. g4 f4 14. O-O-O c5 15. Rh5 cxd4 16. exd4 Nf6 17. Rh3 Qe7 18. Rdh1 Bd7 19. Nde4 Be8 20. Nxf6+ Rxf6 21. Bd3 Rc8 22. Ne4 d5 23. Nxf6+ Qxf6 24. Bh7+ Kf8 25. Rc3 dxc4 26. Rxc4 Rxc4 27. Qxc4 Qxd4 28. Qxd4 Bxd4 29. f3 Kg7 30. Be4 b6 31. Rd1 e5 32.
Kb1 a5 33. Rc1 Bc5 34. a3 h5 35. gxh5 Bxh5 36. Rh1 Bf7 37. Rh7+ Kg8 38. Kc2 Bc4 39. Rb7 Bf1 40. b4 axb4 41. axb4 Bd4 42. Rd7 Bxg2 43.
Rd6 Kf8 44. Rg6 Ke7 45. Rxg5 Bf1 46. Rg6 Bc4 47. Rc6 Bb5 48. Rh6 Kd7 49. Bd3 Ba4+ 50. Kd2 Be3+ 51. Ke2 Kc7 52. Bc4 Bd4 53. Kd3 Bc6 54.
b5 Bxf3 55. Be6 Bg2 56. Ke2 e4 57. Bd5 f3+ 58. Kd2 e3+ 59. Kd3 e2 60. Re6 Bf1 61. Bxf3 Bc5 62. Bxe2 Bh3 63. Rh6 Bf5+ 64. Kc4 Be4 65.
Bg4 Bg2 66. Rh7+ Kd6 67. Rd7+ Ke5 68. Be2 Ke4 69. Bd3+ Ke3 70. Rc7 Bh3 71. Rc6 Bd7 72. Rh6 Be8 73. Bg6 Bd7 74. Bf7 Bg4 75. Rh4 Be2+ 76.
Kd5 Bxb5 77. Rh6 Ba4 78. Be6 Bb3+ 79. Ke5 Bd4+ 80. Kf5 Bc2+ 81. Kg5 Be5 82. Bd7 Bd4 83. Rc6 Be4 84. Rc7 Kd2 85. Bb5 Ke3 86. Rc8 Bb1 87. Rc1 Be4 88. Rc8 Bf3 89. Rc7 Bc5 90. Rc8 Kd4 91. Kf5 Be4+ 92. Ke6 Bf3 93. Rf8 Bg4+ 94. Kf7 Kc3 95. Rc8 Bh5+ 96. Kf6 Kb4 0-1

[Event "Early-Titled-Tuesday-Blitz-January-23-2024"]
[Site "Chess.com"]
[Date "2024.01.23"]
[Round "10"]
[White "s4p0ud"]
[Black "LeRoidesChampions"]
[Result "1-0"]
[WhiteElo "2534"]
[BlackElo "2620"]
[TimeControl "180+1"]
[EndTime "9:59:59 PST"]
[Termination "s4p0ud won on time"]

1. e4 d6 2. d4 Nf6 3. Nc3 e5 4. dxe5 dxe5 5. Qxd8+ Kxd8 6. Nf3 Bd6 7. Be3 c6 8. O-O-O Kc7 9. Ng5 Rf8 10. Bc4 Bg4 11. f3 Bh5 12. g4 Bg6 13. h4 h6 14. h5 hxg5 15. hxg6 fxg6 16. Bxg5 Nbd7 17. a3 Rh8 18. Bf7 Rxh1 19. Rxh1 Nf8 20. Ne2 Rd8 21. Be3 b6 22. g5 N6d7 23. b4 a5 24. c3 axb4 25. axb4 Ra8 26.
Kb2 b5 27. Rh8 Nb6 28. Bxb6+ Kxb6 29. Rg8 Be7 30. Rxg7 Bxg5 31. Bxg6 Rd8 32. Bf5 Be3 33. Nc1 Rd2+ 34. Ka3 c5 35. Nb3 Rc2 36. bxc5+ Bxc5+ 37. Nxc5 Rxc3+ 38. Kb2 Rxc5 39. Rf7 b4 40. Rxf8 Rc3 41. Be6 Re3 42. Bd5 Kc5 43. Rc8+ Kb5 44. Re8 Rxf3 45. Rxe5 Rf2+ 46. Kc1 Ka4 47. Re8 Kb5 48. Rb8+ Kc5 49. Rc8+ Kb5 50. Rc2 Rf1+ 51. Kd2 Rf3 52. Ke2 Rh3 53.
Rc8 Rg3 54. Rf8 Kc5 55. Rf3 Rg2+ 56. Ke3 Rc2 57. Kf4 Kd4 58. Rb3 Kc5 59. Ke5 Rh2 60. Rf3 Rh5+ 61. Rf5 Rh2 62. Ke6 Kd4 63. Rf8 Rh6+ 64. Kd7 Rb6 65. Kc7 Kc5 66. Rc8 b3 67.
Kd7+ Kd4 68. Rc1 b2 69. Rb1 Ke5 70. Ke7 Rb8 71. Kd7 Rb4 72. Kc7 Kd4 73. Kc6 Ke5 74.
Kc5 Rb8 75. Kc4 Rc8+ 76. Kd3 Rb8 77. Kc2 Kd4 78. Rxb2 Rh8 79. Rb4+ Kc5 80. Kb3 Rh3+ 81. Ka4 Rh1 82. Rb5+ Kd4 83. Ka5 Ke5 84. Kb6 Rh6+ 85.
Bc6+ Kd6 86. Rd5+ Ke6 87. Kc7 Rh7+ 88. Rd7 Rh1 89. Rd6+ Ke5 90. Rd5+ Ke6 91. e5 Re1 92. Rd6+ Kxe5 93. Rd8 Rc1 94. Re8+ Kf6 95. Kd6 Rd1+ 96. Bd5 Kg5 97. Re2 Kh4 98. Rf2 Rg1 99. Ke5 Rg5+ 100. Ke4 Rg4+ 101. Ke3 Rg3+ 102. Bf3 Rg8 103. Kf4 Rg4+ 104. Kf5 Rg5+ 105. Kf6 Rg3 106. Be4 Kh3 107. Bf5+ Rg4 108. Rf4 1-0

[Event "Early-Titled-Tuesday-Blitz-January-23-2024"]
[Site "Chess.com"]
[Date "2024.01.23"]
[Round "11"]
[White "ljuks68"]
[Black "winniethepooh04"]
[Result "0-1"]
[WhiteElo "2451"]
[BlackElo "2530"]
[TimeControl "180+1"]
[EndTime "10:01:15 PST"]
[Termination "winniethepooh04 won by resignation"]

1. e4 e6 2. d4 d5 3. Nc3 dxe4 4. Nxe4 Nd7 5. Nf3 Ngf6 6. Bg5 h6 7.
Nxf6+ Nxf6 8. Be3 Nd5 9. Qd2 Nxe3 10. fxe3 c5 11. O-O-O cxd4 12. exd4 Be7 13. Ne5 Bg5 0-1

[Event "Early-Titled-Tuesday-Blitz-January-23-2024"]
[Site "Chess.com"]
[Date "2024.01.23"]
[Round "11"]
[White "Mihajlovskij"]
[Black "IsaqueGoncalvesSanto"]
[Result "1-0"]
[WhiteElo "2213"]
[BlackElo "1819"]
[TimeControl "180+1"]
[EndTime "10:02:36 PST"]
[Termination "Mihajlovskij won by resignation"]

1. d4 d5 2. Nf3 Nf6 3. c4 c6 4. Nc3 dxc4 5. e3 b5 6. a4 Bd7 7. Ne5 e6 8. Qf3 Na6 9. axb5 Nb4 10. bxc6 Nc2+ 11. Kd1 Nxa1 12. cxd7+ Ke7 13. Nc6+ Kxd7 14. Nxd8 Rxd8 15. Bxc4 1-0

[Event "Early-Titled-Tuesday-Blitz-January-23-2024"]
[Site "Chess.com"]
[Date "2024.01.23"]
[Round "11"]
[White "Flaccidmoves"]
[Black "Casper"]
[Result "1-0"]
[WhiteElo "2465"]
[BlackElo "2546"]
[TimeControl "180+1"]
[EndTime "10:03:12 PST"]
[Termination "Flaccidmoves won by resignation"]

1. c4 b6 2. Nc3 Bb7 3. e4 g6 4. d4 Bg7 5. Be3 d6 6. Nf3 Nd7 7. Bd3 c5 8. d5 Ngf6 9. O-O Ng4 10. Bf4 O-O 11. h3 Nge5 12. Nxe5 Nxe5 13. Be2 f5 14.
exf5 Rxf5 15. Be3 Qf8 16. f4 Nf7 17. Bg4 Rf6 18. Ne4 Re8 19. Nxf6+ exf6 20. Be6 h5 21. f5 g5 22. Qxh5 Bc8 23. Rae1 Bxe6 24. fxe6 Ne5 25. Bxg5 Nxc4 26. Bxf6 1-0

[Event "Early-Titled-Tuesday-Blitz-January-23-2024"]
[Site "Chess.com"]
[Date "2024.01.23"]
[Round "11"]
[White "Bigfish1995"]
[Black "Hikaru"]
[Result "1/2-1/2"]
[WhiteElo "3142"]
[BlackElo "3306"]
[TimeControl "180+1"]
[EndTime "10:03:14 PST"]
[Termination "Game drawn by repetition"]

1. e4 e5 2. Nf3 Nc6 3. Bb5 Nf6 4.
O-O Nxe4 5. Re1 Nd6 6. Nxe5 Be7 7. Bf1 Nxe5 8. Rxe5 O-O 9. d4 Bf6 10. Re2 Nc4 11.
b3 Nb6 12. a4 a5 13. Nc3 d5 14. Ba3 Re8 15. Rxe8+ Qxe8 16. Bc5 Be6 17. Bxb6 cxb6 18.
Nb5 Qd7 19. Bd3 Bg4 20. Qd2 Re8 21. Re1 Rxe1+ 22. Qxe1 g6 23. h3 Be6 24. Qe3 Qd8 25.
Qf4 Bd7 26. Nc3 Be6 27. Nb5 Bd7 28. Nc3 Be6 29. Nb5 1/2-1/2